Workbook

Sheet Доходы
A1: Сведения об исполнении бюджета ЗАТО г.Заозерска Мурманской области по состоянию на 01.07.2013 г.
A2: 1. Доходы местного бюджета
C3: тыс.руб.
A4: Наименование показателей | B4: Назначено | C4: Исполнено
A5: Налоговые доходы | B5: 137604.3 | C5: 60914.4
A6: Неналоговые доходы | B6: 15383.1 | C6: 6649.2
A7: Безвозмездные поступления, всего | B7: =SUM(B9:B13) -> 354378.2 | C7: =SUM(C9:C14) -> 164915.7
A8: в том числе:
A9: дотации бюджетам муниципальных образований | B9: 220900.8 | C9: 97271
A10: субсидии бюджетам муниципальных образований | B10: 35683.6 | C10: 518.4
A11: субвенции бюджетам муниципальных образований | B11: 79118.4 | C11: 52206.3
A12: иные межбюджетные трансферты | B12: 17175.4 | C12: 17148
A13: прочие безвозмездные поступления | B13: 1500 | C13: 1500
A14: Возврат остатков субсидий, субвенций и иных межбюджетных трансфертов, имеющих целевое назначение, прошлых лет | B14: 0 | C14: -3728
A15: Всего доходов | B15: =B5+B6+B7 -> 507365.6 | C15: =C5+C6+C7 -> 232479.3

Sheet Расходы
A2: 2. Расходы местного бюджета
C3: тыс.руб.
A4: Наименование показателей | B4: Назначено | C4: Исполнено
A5: Общегосударственные вопросы | B5: 62415 | C5: 29139.4
A6: Национальная оборона | B6: 688.2 | C6: 312.7
A7: Национальная безопасность и правоохранительная деятельность | B7: 14922.7 | C7: 7815.7
A8: Национальная экономика | B8: 6786.2 | C8: 38
A9: Жилищно-коммунальное хозяйство | B9: 110569.1 | C9: 36237.6
A10: Охрана окружающей среды | B10: 275 | C10: 0
A11: Образование | B11: 289393.7 | C11: 140776.2
A12: Культура, кинематография, средства массовой информации | B12: 30322 | C12: 14920.6
A13: Социальная политика | B13: 9517.9 | C13: 3676
A14: Физическая культура и спорт | B14: 2896 | C14: 784.2
A15: Средства массовой информации | B15: 5315 | C15: 2794.1
A16: Всего расходов | B16: =SUM(B5:B15) -> 533100.8 | C16: =SUM(C5:C15) -> 236494.5
A18: 3. Дефицит (профицит) местного бюджета
C19: тыс.руб.
A20: Наименование показателей | B20: Назначено | C20: Исполнено
A21: Дефицит (-), профицит (+) местного бюджета | B21: =Доходы!B15-Расходы!B16 -> -25735.2 | C21: =Доходы!C15-Расходы!C16 -> -4015.2

Sheet Анализ исп.бюдж.
A2: Исполнение бюджета ЗАТО г.Заозерска по состоянию на 01.07.2013 г.
A4: Наименование показателей | B4: Уточненные назначения на 2013 год, тыс.руб. | C4: Исполнено на 01.07.2013, тыс.руб. | D4: Процент исполнения
A5: ДОХОДЫ, всего | B5: =B6+B11 -> 507365.6 | C5: =C6+C11 -> 232479.3 | D5: =C5/B5 -> 0.45820864
A6: Собственные доходы, всего | B6: =B8+B10 -> 152987.4 | C6: =C8+C10 -> 67563.6 | D6: =C6/B6 -> 0.44162853
A7: в том числе:
A8: налоговые доходы | B8: =Доходы!B5 -> 137604.3 | C8: =Доходы!C5 -> 60914.4 | D8: =C8/B8 -> 0.44267803
A9: в т.ч. налог на доходы физических лиц | B9: 128130 | C9: 55354 | D9: =C9/B9 -> 0.43201436
A10: неналоговые доходы | B10: =Доходы!B6 -> 15383.1 | C10: =Доходы!C6 -> 6649.2 | D10: =C10/B10 -> 0.43224058
A11: Безвозмездные поступления | B11: =Доходы!B7 -> 354378.2 | C11: =Доходы!C7 -> 164915.7 | D11: =C11/B11 -> 0.46536638
A12: РАСХОДЫ, всего | B12: =SUM(B14:B24) -> 533100.8 | C12: =SUM(C14:C24) -> 236494.5 | D12: =C12/B12 -> 0.44362061
A13: в том числе
A14: Общегосударственные вопросы | B14: =Расходы!B5 -> 62415 | C14: =Расходы!C5 -> 29139.4 | D14: =C14/B14 -> 0.46686534
A15: Национальная оборона | B15: =Расходы!B6 -> 688.2 | C15: =Расходы!C6 -> 312.7 | D15: =C15/B15 -> 0.45437373
A16: Национальная безопасность и правоохранительная деятельность | B16: =Расходы!B7 -> 14922.7 | C16: =Расходы!C7 -> 7815.7 | D16: =C16/B16 -> 0.5237457
A17: Национальная экономика | B17: =Расходы!B8 -> 6786.2 | C17: =Расходы!C8 -> 38 | D17: =C17/B17 -> 0.0055995992
A18: Жилищно-коммунальное хозяйство | B18: =Расходы!B9 -> 110569.1 | C18: =Расходы!C9 -> 36237.6 | D18: =C18/B18 -> 0.32773713
A19: Охрана окружающей среды | B19: =Расходы!B10 -> 275 | C19: =Расходы!C10 -> 0 | D19: =C19/B19 -> 0
A20: Образование | B20: =Расходы!B11 -> 289393.7 | C20: =Расходы!C11 -> 140776.2 | D20: =C20/B20 -> 0.48645219
A21: Культура и кинематография | B21: =Расходы!B12 -> 30322 | C21: =Расходы!C12 -> 14920.6 | D21: =C21/B21 -> 0.49207176
A22: Социальная политика | B22: =Расходы!B13 -> 9517.9 | C22: =Расходы!C13 -> 3676 | D22: =C22/B22 -> 0.38621965
A23: Физическая культура и спорт | B23: =Расходы!B14 -> 2896 | C23: =Расходы!C14 -> 784.2 | D23: =C23/B23 -> 0.27078729
A24: Средства массовой информации | B24: =Расходы!B15 -> 5315 | C24: =Расходы!C15 -> 2794.1 | D24: =C24/B24 -> 0.52570085
